 Dungeon Crawl Stone Soup version 0.18.1-1-g2f07953 (webtiles) character file.

28 JInAPerfectWorld the Conjurer (level 3, -3/20 HPs)
             Began as a Deep Elf Conjurer on July 12, 2016.
             Slain by a giant frog skeleton (5 damage)
             ... on level 4 of the Dungeon.
             The game lasted 00:11:30 (1144 turns).

JInAPerfectWorld the Conjurer (Deep Elf Conjurer)   Turns: 1144, Time: 00:11:32

Health: -3/20      AC:  2    Str:  6    XL:     3   Next: 0%
Magic:  9/9        EV:  8    Int: 19    God:
Gold:   24         SH:  0    Dex: 15    Spells: 2 memorised, 4 levels left

rFire  . . .     SeeInvis .     f - +0 short sword
rCold  . . .     Gourm    .     a - +0 robe
rNeg   . . .     Faith    .     (no shield)
rPois  .         Spirit   .     (no helmet)
rElec  .         Dismiss  .     (no cloak)
rCorr  .         Reflect  .     (no gloves)
SustAt .         Harm     .     (no boots)
MR     .....                    (no amulet)
Stlth  ++........               (no ring)
                                (no ring)

@: lethally poisoned (-3 -> -10), not resistant to hostile enchantments,
unstealthy
A: no striking features
a: no special abilities


You were on level 4 of the Dungeon.
You were hungry.

You visited 1 branch of the dungeon, and saw 4 of its levels.

You collected 24 gold pieces.

Inventory:

Hand Weapons
 f - a +0 short sword (weapon)
 h - a +0 dagger
 i - a +0 hunting sling
Missiles
 j - 55 stones (quivered)
 l - 2 tomahawks
Armour
 a - a +0 robe (worn)
Scrolls
 e - 3 scrolls of identify {unknown}
Potions
 d - 2 potions of lignification {unknown}
 g - 3 potions of agility {unknown}
 m - a potion of ambrosia {unknown}
Books
 b - a book of Conjurations

   Spells                             Type                      Level
   a - Magic Dart                     Conjuration                  1
   b - Searing Ray                    Conjuration                  2
   c - Dazzling Spray                 Conjuration/Hexes            3
   d - Fulminant Prism                Conjuration/Hexes            4
   e - Iskenderun's Mystic Blast      Conjuration                  4
   f - Iskenderun's Battlesphere      Conjuration/Charms           5
Comestibles
 c - a bread ration


   Skills:
 * Level 0.7 Fighting
 - Level 1.3 Short Blades
 * Level 2.9 Dodging
 - Level 3.0 Stealth
 - Level 3.0 Spellcasting
 - Level 4.3 Conjurations


You had 4 spell levels left.
You knew the following spells:

 Your Spells              Type           Power        Failure   Level  Hunger
a - Magic Dart            Conj           ###.         2%          1    None
b - Dazzling Spray        Conj/Hex       ##......     21%         3    ###....


Dungeon Overview and Level Annotations

Branches:
Dungeon (4/15)
 Temple: D:4-7

Altars:
Ashenzari
Okawaru
Xom


Message History

All of the chunks of flesh in your inventory have rotted away.
Magic restored.
You start resting.
You are feeling hungry.
You start resting.
HP restored.
Found a stone staircase leading down.
There is a stone staircase leading down here.
You climb downwards.
The jackal bites you. The worker ant bites you.
The giant frog skeleton hits you. The jackal misses you.
The worker ant barely misses you.
There is a stone staircase leading up, spattered with blood here.
The giant frog skeleton hits you.
* * * LOW HITPOINT WARNING * * *
The jackal bites you but does no damage.
The worker ant bites you.
* * * LOW HITPOINT WARNING * * *
You are lethally poisoned!
The worker ant poisons you! The giant frog skeleton hits you.
You die...

## ## .# #.#
..... # .#.#
...## ...
#../.##.#.#.#.
#....h@Z......
#.<...#a#.#.#.
#..... ...
#..... .#.#
#..... ....#
#..... .. ...
#..... ... ###
#..... ...


You could see a worker ant, a jackal and a giant frog skeleton.

Vanquished Creatures
  An adder (D:2)
  A worm (D:3)
  2 giant geckos (D:2)
  3 giant cockroaches
  A goblin (D:2)
  2 hobgoblins
  3 bats
  2 kobolds
15 creatures vanquished.

Notes
Turn   | Place    | Note
--------------------------------------------------------------
     0 | D:1      | JInAPerfectWorld the Deep Elf Conjurer began the quest for the Orb.
     0 | D:1      | Reached XP level 1. HP: 10/10 MP: 6/6
   143 | D:2      | Reached skill level 1 in Short Blades
   143 | D:2      | Reached XP level 2. HP: 9/15 MP: 2/8
   425 | D:2      | Found a shattered altar of Ashenzari.
   553 | D:3      | Found a shimmering altar of Xom.
   553 | D:3      | Found an iron altar of Okawaru.
   998 | D:3      | Reached XP level 3. HP: 12/20 MP: 2/9
  1003 | D:3      | Learned a level 3 spell: Dazzling Spray
  1144 | D:4      | Slain by a giant frog skeleton

Skill      XL: |  1  2 |
---------------+-------+-----
Short Blades   | 1 |  1.3
Stealth        | 3 |  3.0
Fighting       | |  0.7
Dodging        | |  2.9
Spellcasting   | |  3.0
Conjurations   | |  4.3

Action                   || total
-------------------------++-------
Melee: Unarmed           ||     1
       Short sword       ||    22
 Cast: Magic Dart        ||    30
 Stab: Sleeping          ||     1
Armor: Robe              ||     6
Dodge: Dodged            ||    36
